Map: Void Launch

Players

Magnus

  • Race: Terran Terran
  • Spawn Location: 6:00

NamroodTuo

  • Race: Zerg Zerg

VOD

Have the link to the VOD?

Description

Time

  • Played on: Jan. 8, 2023, 3:48 p.m.
  • Length: 25:26
Show
View Real Time Build Order
Export as new Build Order

Magnus Terran 

Build Orders:  

Get SALT Encoding   

  12  0:03  SCV  
  13  0:20  SCV  
  14  0:36  Refinery  
  14  0:37  SCV  
  15  0:53  Barracks  
  15  0:54  SCV  
  16  1:11  SCV  
  16  1:18  Refinery  
  17  1:28  SCV  
  18  1:45  SCV  
  19  1:58  Unknown  
  19  2:01  SCV  
  20  2:18  SCV  
  21  2:33  Barracks Tech Lab  
  21  2:35  SCV  
  22  2:52  SCV  
  23  3:01  Elite Marine  
  23  3:09  SCV  
  28  3:12  Laser Targeting System  
  28  3:26  SCV  
  29  3:43  SCV  
  30  4:00  SCV  
  31  4:12  Suppression Shells  
  31  4:17  SCV  
  32  4:29  Command Center  
  32  4:36  SCV  
  33  4:53  SCV  
  33  4:57  Factory  
  34  5:10  SCV  
  34  5:12  EMP Round  
  34  5:14  Engineering Bay  
  34  5:18  Ghost Visor  
  35  5:27  SCV  
  36  5:44  SCV  
  37  5:50  Defensive Drone  
  37  6:11  Engineering Bay  
  37  6:12  SCV  
  37  6:13  SCV  
  39  6:27  Starport  
  39  6:29  SCV  
  40  6:30  SCV  
  41  6:46  SCV  
  41  6:47  SCV  
  43  7:03  SCV x2  
  43  7:07  Terran Infantry Weapons Level 1  
  43  7:08  Terran Infantry Armor Level 1  
  45  7:20  SCV x2, Refinery  
  45  7:22  Refinery  
  47  7:31  Armory  
  47  7:37  SCV x2  
  49  7:51  Hellbat Rangers  
  49  7:54  SCV x2  
  55  8:00  Defensive Drone  
  55  8:11  SCV x2  
  49  8:49  SCV x2  
  51  8:55  Spec Ops Ghost  
  55  9:10  SCV  
  55  9:16  Elite Marine  
  60  9:28  Defensive Drone  
  60  9:42  Hellbat Rangers  
  64  10:09  Elite Marine  
  68  10:45  Elite Marine  
  71  11:08  Starport Tech Lab  
  71  11:09  Terran Infantry Weapons Level 2  
  71  11:10  Terran Infantry Armor Level 2  
  71  11:43  Spec Ops Ghost  
  74  12:26  Spec Ops Ghost  
  78  12:32  Raven Type-II  
  80  13:34  Spec Ops Ghost  
  84  13:43  Elite Marine  
  84  13:46  Railgun Turret  
  88  14:12  Hellbat Rangers  
  92  14:54  Spec Ops Ghost  
  96  15:17  Railgun Turret  
  96  15:25  Elite Marine  
  100  15:56  Railgun Turret  
  100  16:28  Railgun Turret  
  100  17:00  Terran Infantry Weapons Level 3, Terran Infantry Armor Level 3  
  100  17:12  Railgun Turret  
  100  17:42  Factory Tech Lab  
  100  18:32  Railgun Turret  
  100  19:27  Griffin Airstrike  
  98  21:51  Railgun Turret  
  98  21:58  Missile Turret  
  98  22:00  Missile Turret  
  98  22:19  Raven Type-II  
  100  22:26  Missile Turret  
  100  22:28  Missile Turret  
  100  22:53  Missile Turret  
  100  22:56  Missile Turret  
  100  23:12  Missile Turret x2  
  100  23:14  Missile Turret x3  
  100  23:18  Missile Turret  
  100  23:20  Missile Turret  
  100  23:21  Missile Turret x4  
  100  23:23  Missile Turret x2  
  100  23:25  Missile Turret x3  
  100  23:26  Missile Turret  
  100  23:27  Missile Turret x2  
  100  23:32  Missile Turret  
  100  23:36  Missile Turret  
  100  23:40  Missile Turret  
  100  23:41  Missile Turret  
  100  23:43  Missile Turret  
  100  23:44  Missile Turret  
  100  23:45  Missile Turret  
  100  23:47  Missile Turret  
  100  23:48  Missile Turret  
  100  23:49  Missile Turret  
  100  23:50  Missile Turret  
  100  23:51  Missile Turret x4, Griffin Airstrike  
  100  23:54  Missile Turret  
  100  23:55  Missile Turret x2  
  100  23:56  Missile Turret  
  100  23:57  Missile Turret x2  
  100  23:58  Missile Turret x3  
  100  23:59  Missile Turret x2, Griffin Airstrike  
  100  24:01  Missile Turret  
  100  24:03  Missile Turret  
  100  24:05  Missile Turret  
  100  24:11  Missile Turret  
  100  24:15  Missile Turret  
  100  24:18  Missile Turret  
  100  24:19  Missile Turret  
  100  24:25  Missile Turret  
  100  24:33  Missile Turret  
  100  24:35  Missile Turret  
  100  24:37  Missile Turret  
  100  24:39  Griffin Airstrike  
Show
View Real Time Build Order
Export as new Build Order

NamroodTuo Zerg 

Build Orders:  

Get SALT Encoding   

  12  0:03  Infested SCV  
  13  0:19  Overlord  
  13  0:26  Infested SCV  
  14  1:12  Infested Barracks, Infested SCV x2  
  14  1:13  Infested SCV x2  
  18  1:22  Infested SCV  
  19  1:37  Infested SCV  
  20  1:54  Infested SCV  
  21  2:12  Overlord  
  21  2:24  Infestation Level 1  
  21  2:58  Infested Bunker  
  25  3:01  Infested SCV x3  
  28  3:14  Infested Refinery  
  28  3:18  Infested Refinery  
  28  3:25  Infested Engineering Bay  
  28  3:58  Overlord x2  
  28  4:16  Infested SCV  
  28  4:17  Infested SCV x2  
  31  4:32  Infested Bunker  
  35  4:52  Infested Bunker  
  35  4:56  Infested SCV  
  35  4:58  Infested SCV  
  41  5:08  Infested SCV  
  42  5:41  Infestation Level 2, Infested Factory  
  42  5:46  Infested Barracks Tech Lab  
  42  6:22  Infested Bunker  
  42  6:28  Infested Marine  
  47  6:33  Overlord  
  47  6:36  Overlord  
  47  6:46  Overlord  
  47  7:26  Infested Bunker  
  51  7:39  Regenerative Plating  
  51  7:41  Anaerobic Enhancement  
  51  7:52  Infested Armory  
  51  8:02  Infested Barracks  
  50  8:28  Infested Marine  
  50  8:29  Infested Marine x16  
  67  9:11  Infested Command Center  
  67  9:25  Infested Marine  
  67  9:26  Infested Marine x3  
  71  9:30  Overlord  
  71  9:31  Overlord x3  
  71  9:43  Overlord  
  71  9:59  Infested Marine x2  
  73  10:00  Infested Marine x15  
  73  10:06  Infested Marine  
  71  10:27  Infested Marine  
  71  10:28  Infested Marine x3  
  54  10:55  Infested Barracks  
  54  10:58  Infested Marine  
  54  10:59  Infested Marine x12  
  71  11:42  Infested Missile Turret  
  67  12:10  Infested Missile Turret  
  67  12:15  Infested Marine  
  67  12:16  Infested Marine x7  
  75  12:28  Infestation Level 3  
  75  12:31  Infested Barracks  
  75  12:32  Calcified Armor  
  75  12:38  Infested Bunker  
  62  12:42  Overlord  
  62  13:01  Overlord x2  
  62  13:05  Infested SCV  
  62  13:09  Infested SCV  
  64  13:11  Infested SCV  
  65  13:27  Infested Marine x4  
  65  13:28  Infested Marine x12  
  81  13:32  Stukov Infantry Weapons Level 1  
  81  13:51  Infested Marine  
  81  13:52  Infested Marine x19  
  93  14:29  Infested Bunker  
  92  14:46  Infested Marine  
  92  14:47  Infested Marine x16  
  92  14:48  Infested Marine x4  
  113  14:54  Infested Marine  
  113  14:55  Infested Marine x5  
  99  15:00  Infested SCV  
  99  15:03  Infested SCV  
  99  15:07  Infested SCV  
  86  15:32  Infested Marine  
  86  15:33  Infested Marine x10  
  86  15:38  Infested SCV  
  86  15:39  Infested SCV x3  
  101  15:58  Infested Marine  
  101  15:59  Infested Marine x15  
  117  16:00  Infested Marine x4  
  121  16:12  Stukov Infantry Armor Level 1  
  121  16:21  Infested Marine x10  
  121  16:22  Infested Marine x15  
  124  16:33  Infested Marine  
  124  16:34  Infested Marine x12  
  124  16:35  Infested Marine x2  
  128  16:43  Infested Marine  
  117  17:23  Infested Marine  
  117  17:24  Infested Marine x22  
  117  17:25  Infested Marine x6  
  146  17:33  Infested SCV x4  
  146  17:34  Infested SCV  
  146  17:39  Overlord x3  
  138  17:51  Overlord  
  102  18:15  Infested Marine x5  
  102  18:16  Infested Marine x25  
  102  18:17  Infested Marine x12  
  139  18:26  Infested Marine  
  139  18:27  Infested Marine x15  
  155  18:40  Broodling Gestation  
  155  18:52  Stukov Infantry Weapons Level 2  
  155  18:56  Infested Marine x8  
  155  18:57  Infested Marine x8  
  150  19:04  Infested Marine  
  150  19:05  Infested Marine x11  
  150  19:06  Infested Marine x4  
  156  19:44  Infested Marine  
  156  19:45  Infested Marine x7  
  156  19:48  Infested SCV  
  156  19:49  Infested SCV x4  
  169  19:53  Infested Refinery  
  169  19:56  Infested Refinery  
  108  20:23  Infested Bunker  
  89  20:54  Infested Marine  
  89  20:55  Infested Marine x22  
  89  20:56  Infested Marine x24  
  89  20:57  Infested Marine x14  
  150  21:12  Infested Bunker  
  150  21:14  Infested Marine  
  150  21:15  Infested Marine x11  
  150  21:16  Infested Marine x3  
  162  21:25  Infested Marine  
  162  21:26  Infested Marine x14  
  172  21:41  Infested Marine  
  172  21:42  Infested Marine  
  172  21:43  Infested Marine x7  
  181  21:53  Infested Marine  
  181  21:54  Infested Marine  
  182  22:02  Stukov Infantry Armor Level 2  
  182  22:09  Infested Marine  
  181  22:10  Infested Marine  
  181  22:26  Infested Marine  
  179  22:32  Overlord x3  
  179  22:33  Overlord x5  
  179  22:34  Overlord x2  
  122  22:44  Infested Marine x8  
  122  22:45  Infested Marine x25  
  122  22:46  Infested Marine x21  
  135  23:22  Infested Marine x5  
  135  23:23  Infested Marine x23  
  161  23:43  Infested Marine  
  161  23:44  Infested Marine x13  
  161  23:45  Infested Marine x4  
  100  24:38  Infested Marine x4  
  100  24:39  Infested Marine x23  
  126  24:40  Infested Marine x17  
  131  24:51  Infested Marine  
  131  24:52  Infested Marine x9  
Tags
 
Commander
NovaStukov
Matchup
Co-op
Replay Pack
Multiplayer
Add a new tag
Caveats
  • Supply blocks, unpowered buildings, or Contaminate may cause inaccurate times.
  • Supply counts are checked every 10 seconds.